 Dungeon Crawl Stone Soup version 0.30-b1-2-g02819fbbbe (webtiles) character file.

Game seed: 1069605611718353180

116 yogakurto the Chopper (level 4, 0/35 HPs)
             Began as a Vampire Chaos Knight on Dec 31, 2023.
             Was a Plaything of Xom.
             Slain by Crazy Yiuf
             ... wielding a +2 quarterstaff of chaos
              (8 damage)
             ... on level 2 of the Dungeon.
             The game lasted 00:04:16 (1506 turns).

yogakurto the Chopper (Vampire Chaos Knight)        Turns: 1506, Time: 00:04:17

Health: 0/35       AC:  6    Str: 13    XL:     4   Next: 69%
Magic:  4/4        EV: 17    Int: 14    God:    Xom [..*...]
Gold:   74         SH:  0    Dex: 13    Spells: 3/3 levels left

rFire   . . .        a - +0 hand axe (chaos)
rCold   . . .        (no shield)
rNeg    . . .        A - +3 leather armour
rPois   .            (no helmet)
rElec   .            (no cloak)
rCorr   .            (no gloves)
SInv    +            (no boots)
Will    .....        (no amulet)
Stlth   +            (no ring)
HPRegen 0.45/turn    (no ring)
MPRegen 0.09/turn

%: no passive effects
@: agile, healing quickly
A: alive, fangs 3, see invisible, vampiric 2
a: Exsanguinate, Renounce Religion


You were on level 2 of the Dungeon.
You worshipped Xom.
You were a toy of Xom.
You visited 1 branch of the dungeon, and saw 2 of its levels.

You collected 74 gold pieces.

Inventory:

Hand Weapons
 a - a +0 hand axe of chaos (weapon)
Armour
 A - a +3 leather armour (worn)
Scrolls
 e - 3 scrolls of enchant armour
Potions
 b - 3 potions of curing
 d - a potion of berserk rage {unknown}
 f - 2 potions of brilliance
 g - a potion of cancellation {unknown}
 h - a potion of attraction {unknown}
 i - 2 potions of flight {unknown}
Miscellaneous
 c - a piece from Xom's chessboard (15/15) (quivered)


   Skills:
 + Level 3.5 Fighting
 + Level 3.6 Axes
 + Level 1.8 Armour
 + Level 2.8 Dodging
 + Level 0.1 Stealth


You had 3 spell levels left.
You didn't know any spells.
Your spell library was empty.

Dungeon Overview and Level Annotations

Branches:
Dungeon (2/15)

Altars:
Fedhas

Annotations:
D:2 Crazy Yiuf


Innate Abilities, Weirdness & Mutations

Your natural rate of healing is accelerated.
You have razor-sharp teeth.
You have supernaturally acute eyesight. (SInv)
You are afflicted with vampirism and can become a bat while bloodless.


Message History

Okay, then.
Are you sure you want to stumble around while confused and next to your ally Crazy Yiuf? [Y]es or [N]o only, please.
Are you sure you want to stumble around while confused and next to your ally Crazy Yiuf? [Y]es or [N]o only, please.
Are you sure you want to stumble around while confused and next to your ally Crazy Yiuf? [Y]es or [N]o only, please.
Are you sure you want to stumble around while confused and next to your ally Crazy Yiuf?
Okay, then.
You start resting.
You feel less confused.
You swap places.
You see here a +0 hammer.
There is an open translucent door here.
Crazy Yiuf looks friendly.
You see here a +0 club.
Crazy Yiuf is no longer charmed.
Crazy Yiuf is nearby!
You hit Crazy Yiuf.
Crazy Yiuf is lightly wounded.
Crazy Yiuf says, "Which is more difficult, to awaken one who sleeps or to awaken one who, awake, dreams that he is awake?"
Crazy Yiuf hits you but does no damage.
You closely miss Crazy Yiuf. You punch Crazy Yiuf. You bite Crazy Yiuf.
Crazy Yiuf is moderately wounded.
Crazy Yiuf closely misses you.
You hit Crazy Yiuf but do no damage.
Crazy Yiuf is poisoned.
Crazy Yiuf is moderately wounded.
Crazy Yiuf heaves a sigh in contemplation.
Crazy Yiuf barely misses you.
You hit Crazy Yiuf. You freeze Crazy Yiuf.
Crazy Yiuf is severely wounded.
Crazy Yiuf hits you with a +2 quarterstaff of chaos!
You feel agile all of a sudden.
You hit Crazy Yiuf but do no damage.
Crazy Yiuf is severely wounded.
Crazy Yiuf hits you with a +2 quarterstaff of chaos!
* * * LOW HITPOINT WARNING * * *
A shower of butterflies erupts from you!
You are electrocuted!
You die...

..#...# ..#<..#
..#...# .##...#
###)..##########
...............#
###.##########.###
#.# #bb.## #.#
###@b# ### ##g##
#bb# ##.# #####
♣♣###.# #)..#♣♣
♣♣.+...# ##
#...'.♣♣♣♣......#
.#
#...#♣..♣......##
.#
#####♣♣♣.♣..+.##


You could see Crazy Yiuf (very poisoned, ally target).

Vanquished Creatures
  4 gnolls (D:2)
  2 adders (D:2)
  3 worms (D:2)
  5 endoplasms
  2 goblins (D:2)
  7 hobgoblins
  3 jackals (D:1)
  4 kobolds
  3 quokkas
  7 ball pythons
  8 bats
  A frilled lizard (D:2)
  2 rats
51 creatures vanquished.

Notes
Turn   | Place    | Note
-------+----------+-------------------------------------------
     0 | D:1      | yogakurto the Vampire Chaos Knight began the quest for the
                  | Orb.
     0 | D:1      | Reached XP level 1. HP: 17/17 MP: 1/1
   138 | D:1      | Reached XP level 2. HP: 15/24 MP: 2/2
   217 | D:1      | XOM: divination: detect items
   323 | D:1      | XOM: divination: detect creatures
   411 | D:1      | XOM: silly message
   660 | D:2      | Gained mutation: You are afflicted with vampirism and can
                  | become a bat while bloodless. [Vampire growth]
   660 | D:2      | Reached XP level 3. HP: 29/29 MP: 3/3
   680 | D:2      | XOM: silly message
   697 | D:2      | Reached skill level 1 in Armour
   812 | D:2      | XOM: noise
   854 | D:2      | Reached XP level 4. HP: 12/35 MP: 4/4
   981 | D:2      | Found a faded altar of an unknown god.
  1035 | D:2      | Found a blossoming altar of Fedhas.
  1256 | D:2      | XOM: 4-stop teleportation journey
  1465 | D:2      | Found a runed translucent door.
  1466 | D:2      | Noticed Crazy Yiuf
  1473 | D:2      | XOM: cast spell 'Cause Fear'
  1474 | D:2      | XOM: enchant monster (good)
  1506 | D:2      | XOM: butterfly on damage
  1506 | D:2      | Slain by Crazy Yiuf

Illustrated notes

Levels and vault maps discovered:
D:1:      giann_horns, layout_rooms, grunt_decor_mini_mirrors
D:2:      layout_rooms, hellmonk_ecumenical_altar_arch_garden, serial_aquarium,
          aquarium_bridge_straight [aquarium_subvault_bridge,
          aquarium_subvault_window, aquarium_subvault_bridge,
          aquarium_subvault_window], aquarium_window_double,
          aquarium_window_corridor_1, aquarium_window_corner,
          aquarium_window_corner, aquarium_view_2c, aquarium_view_2g,
          aquarium_balcony_3b, basic_altar, uniq_crazy_yiuf_cottage

Skill      XL: |  1  2  3 |
---------------+----------+-----
Fighting       | 3 |  3.5
Axes           | 3 |  3.6
Armour         | 1 |  1.8
Dodging        | |  2.8
Stealth        | |  0.1

Action                     |  1- 3 |  4- 6 || total
---------------------------+-------+-------++-------
  Melee: Hand axe          |    80 |    69 ||   149
         Bite              |     4 |     5 ||     9
         Punch             |       |     1 ||     1
Ability: Exsanguinate      |     1 |       ||     1
    Use: Scroll            |     2 |     1 ||     3
         Potion            |     1 |       ||     1
 Armour: Leather armour    |    34 |    22 ||    56
  Dodge: Dodged            |    66 |    47 ||   113
